 Dungeon Crawl Stone Soup version 0.26.1-11-gd32895ea62 (webtiles) character file.

Game seed: 14546967276023493196

76 Zeld the Chopper (level 4, 0/41 HPs)
             Began as a Gnoll Wanderer on June 6, 2021.
             Succumbed to a gnoll's poison
             ... on level 2 of the Dungeon.
             The game lasted 00:02:38 (2733 turns).

Zeld the Chopper (Gnoll Wanderer)                   Turns: 2733, Time: 00:02:38

Health: 0/41       AC:  4    Str: 13    XL:     4   Next: 32%
Magic:  5/5        EV: 12    Int: 18    God:
Gold:   86         SH:  0    Dex: 13    Spells: 5/5 levels left

rFire    . . .     SeeInvis .   a - +2 hand axe
rCold    . . .     Faith    .   (no shield)
rNeg     . . .     Spirit   .   d - +0 robe
rPois    .         Reflect  .   l - +2 hat
rElec    .         Harm     .   (no cloak)
rCorr    .         Rampage  .   (no gloves)
Will     .....     Clarity  +   (no boots)
Stlth    ++........             (no amulet)
HPRegen  0.13/turn              (no ring)
MPRegen  0.09/turn              (no ring)

@: lethally poisoned (0 -> -8), attractive
A: distributed training, fangs 1, talons 1, clarity, strong nose
a: no special abilities


You were on level 2 of the Dungeon.
You visited 1 branch of the dungeon, and saw 2 of its levels.

You collected 86 gold pieces.

Inventory:

Hand Weapons
 a - a +2 hand axe (weapon)
 h - a +2 vorpal hand axe
Armour
 d - a +0 robe (worn)
 l - a +2 hat (worn)
Jewellery
 g - a +4 ring of evasion {unknown}
 p - an uncursed ring of wizardry {unknown}
Scrolls
 c - a scroll of identify {unknown}
 e - a scroll of teleportation {unknown}
 k - 3 scrolls of fear {unknown}
 m - a scroll of noise {unknown}
 n - a scroll of enchant weapon {unknown}
 o - a scroll of enchant armour {unknown}
 q - a scroll of remove curse {unknown}
 r - a scroll of blinking {unknown}
Potions
 j - a potion of haste {unknown}


   Skills:
 + Level 6.6 Fighting
 + Level 1.1 Short Blades
 + Level 1.1 Long Blades
 + Level 6.6 Axes
 + Level 1.1 Maces & Flails
 + Level 1.1 Polearms
 + Level 1.1 Staves
 + Level 1.1 Slings
 + Level 1.1 Bows
 + Level 1.1 Crossbows
 + Level 2.7 Throwing
 + Level 4.6 Armour
 + Level 1.1 Dodging
 + Level 2.5 Stealth
 + Level 1.1 Shields
 + Level 1.1 Unarmed Combat
 + Level 1.1 Spellcasting
 + Level 0.8 Conjurations
 + Level 0.8 Hexes
 + Level 0.8 Summonings
 + Level 0.8 Necromancy
 + Level 0.8 Translocations
 + Level 0.8 Transmutations
 + Level 0.8 Fire Magic
 + Level 0.8 Ice Magic
 + Level 0.8 Air Magic
 + Level 0.8 Earth Magic
 + Level 0.8 Poison Magic
 + Level 1.2 Invocations
 + Level 1.1 Evocations


You had 5 spell levels left.
You didn't know any spells.
Your spell library was empty.

Dungeon Overview and Level Annotations

Branches:
Dungeon (2/15)

Altars:
Elyvilon
Kikubaaqudgha

Annotations:
D:2 1 runed translucent door, Crazy Yiuf


Innate Abilities, Weirdness & Mutations

Your experience applies equally to all skills.
You have very sharp teeth.
Your uncanny sense of smell can sniff out nearby items.
You have sharp toenails.
You possess an exceptional clarity of mind.


Message History

* * * LOW HITPOINT WARNING * * *
You feel sick.
You see here a dagger.
* * * LOW HITPOINT WARNING * * *
You feel sick.
* * * LOW HITPOINT WARNING * * *
You feel sick.
* * * LOW HITPOINT WARNING * * *
You feel sick.
* * * LOW HITPOINT WARNING * * *
You feel sick.
* * * LOW HITPOINT WARNING * * *
You feel sick.
It was a potion of mutation.
You feel extremely strange.
Your toenails lengthen and sharpen.
Your thoughts seem clearer.
* * * LOW HITPOINT WARNING * * *
You feel sick. The gnoll barely misses you.
It was a potion of attraction.
You feel attractive to monsters.
You die...

#.##.# #..#.#
#.###.#.######
#.............
#####..##...# ######
###.##.#.####......
######.._..........#
#......#.##.#.##.###
#.###.##.###.>##@## ..#
#..#).....#...# ###
##.########.g.# #.#
#...# #.# #...# ######.#
#.).# .......#
#)..######
.#####.########........#
.#####.#................


You could see a gnoll.

Vanquished Creatures
  2 gnolls (D:2)
  An adder (D:2)
  A dart slug (D:2)
  2 leopard geckos (D:1)
  A bat zombie (D:2)
  2 giant cockroaches
  2 goblins
  6 hobgoblins
  7 jackals (D:1)
  2 quokkas (D:2)
  3 frilled lizards (D:1)
  5 kobolds
  4 rats
  2 rat zombies (D:2)
40 creatures vanquished.

Notes
Turn   | Place    | Note
-------+----------+-------------------------------------------
     0 | D:1      | Zeld the Gnoll Wanderer began the quest for the Orb.
     0 | D:1      | Zeld set off with the following items: a +2 hand axe, a
                  | potion of curing, a potion of lignification, a +0 robe
     0 | D:1      | Reached XP level 1. HP: 23/23 MP: 1/1
   270 | D:1      | Reached XP level 2. HP: 29/29 MP: 2/2
   600 | D:1      | Reached XP level 3. HP: 29/35 MP: 3/3
  1243 | D:2      | Found a white marble altar of Elyvilon.
  2262 | D:2      | Reached skill level 1 in Invocations
  2281 | D:2      | Found an ancient bone altar of Kikubaaqudgha.
  2381 | D:2      | Found a runed translucent door.
  2382 | D:2      | Noticed Crazy Yiuf
  2421 | D:2      | Reached skill level 1 in Short Blades
  2421 | D:2      | Reached skill level 1 in Long Blades
  2421 | D:2      | Reached skill level 1 in Maces & Flails
  2421 | D:2      | Reached skill level 1 in Polearms
  2421 | D:2      | Reached skill level 1 in Staves
  2421 | D:2      | Reached skill level 1 in Slings
  2421 | D:2      | Reached skill level 1 in Bows
  2421 | D:2      | Reached skill level 1 in Crossbows
  2421 | D:2      | Reached skill level 1 in Dodging
  2421 | D:2      | Reached skill level 1 in Shields
  2421 | D:2      | Reached skill level 1 in Unarmed Combat
  2421 | D:2      | Reached skill level 1 in Spellcasting
  2421 | D:2      | Reached skill level 1 in Evocations
  2631 | D:2      | Reached XP level 4. HP: 33/41 MP: 5/5
  2731 | D:2      | HP: 2/41 [poisoned by a gnoll]
  2732 | D:2      | Gained mutation: You have sharp toenails. [potion of
                  | mutation]
  2732 | D:2      | Gained mutation: You possess an exceptional clarity of
                  | mind. [potion of mutation]
  2733 | D:2      | Succumbed to a gnoll's poison

Illustrated notes

Levels and vault maps discovered:
D:1:      minmay_arrival_four_circles, layout_basic, hangedman_decor_points
D:2:      layout_loops_cross, lemuel_zombie_altar_kikubaaqudgha,
          lemuel_crystal_altar, uniq_crazy_yiuf_cottage

Skill      XL: |  1  2  3 |
---------------+----------+-----
Invocations    | 1 |  1.2
Short Blades   | 1 |  1.1
Long Blades    | 1 |  1.1
Maces & Flails | 1 |  1.1
Polearms       | 1 |  1.1
Staves         | 1 |  1.1
Slings         | 1 |  1.1
Bows           | 1 |  1.1
Crossbows      | 1 |  1.1
Dodging        | 1 |  1.1
Shields        | 1 |  1.1
Unarmed Combat | 1 |  1.1
Spellcasting   | 1 |  1.1
Evocations     | 1 |  1.1
Fighting       | |  6.6
Axes           | |  6.6
Throwing       | |  2.7
Armour         | |  4.6
Stealth        | |  2.5
Conjurations   | |  0.8
Hexes          | |  0.8
Summonings     | |  0.8
Necromancy     | |  0.8
Translocations | |  0.8
Transmutations | |  0.8
Fire Magic     | |  0.8
Ice Magic      | |  0.8
Air Magic      | |  0.8
Earth Magic    | |  0.8
Poison Magic   | |  0.8

Action                   |  1- 3 |  4- 6 || total
-------------------------+-------+-------++-------
Melee: Hand axe          |   106 |    10 ||   116
       Bite              |     6 |       ||     6
  Use: Potion            |     3 |     4 ||     7
 Stab: Sleeping          |     3 |       ||     3
Armor: Robe              |    22 |     2 ||    24
Dodge: Dodged            |    55 |    12 ||    67
